AAA EAST
LOUISVILLE BATS @ JACKSONVILLE JUMBO SHRIMP
05/13/2042
 
TOP OF THE 1ST
Louisville Bats batting - Pitching for Jacksonville Jumbo Shrimp : RHP Curt Carter
Pitching: RHP Curt Carter
Batting: LHB Raúl Campos 0-0: Fly out, F5 (Popup, 56S, EV 74.4 MPH)
Batting: RHB Mauro Navarro 0-0: Ball
1-0: Ball
2-0: Fly out, F9 (Flyball, 9, EV 85.0 MPH)
Batting: RHB Bjorn Trommel 0-0: Ball
1-0: Fly out, F9 (Flyball, 9, EV 93.8 MPH)
Top of the 1st over - 0 runs, 0 hits, 0 errors, 0 left on base; Louisville 0 - Jacksonville 0
BOTTOM OF THE 1ST
Jacksonville Jumbo Shrimp batting - Pitching for Louisville Bats : RHP Bob Bailey
Pitching: RHP Bob Bailey
Batting: RHB Raúl Toro 0-0: Ball
1-0: Ball
2-0: Called Strike
2-1: Foul Ball, location: 2F
2-2: Strikes out swinging
Batting: RHB Butch Haig 0-0: Called Strike
0-1: Called Strike
0-2: Strikes out swinging
Batting: RHB Sean Davidson 0-0: Called Strike
0-1: Called Strike
0-2: Ball
1-2: Ground out 6-3 (Groundball, 6, EV 110.0 MPH)
Bottom of the 1st over - 0 runs, 0 hits, 0 errors, 0 left on base; Louisville 0 - Jacksonville 0
TOP OF THE 2ND
Louisville Bats batting - Pitching for Jacksonville Jumbo Shrimp : RHP Curt Carter
Batting: LHB Caspar Ahernfeld 0-0: Ball
1-0: Foul Ball, location: 23F
1-1: Swinging Strike
1-2: Foul Ball, location: 25F
1-2: Strikes out looking
Batting: RHB Manny Sosa 0-0: Ball
1-0: Ground out 3-1 (Groundball, 13, EV 85.0 MPH)
Batting: LHB Arturo Patino 0-0: Called Strike
0-1: Ball
1-1: Swinging Strike
1-2: Ball
2-2: DOUBLE (Flyball, 78XD, EV 107.5 MPH)
Batting: LHB António Ceras 0-0: Swinging Strike
0-1: Called Strike
0-2: Strikes out swinging
Top of the 2nd over - 0 runs, 1 hit, 0 errors, 1 left on base; Louisville 0 - Jacksonville 0
BOTTOM OF THE 2ND
Jacksonville Jumbo Shrimp batting - Pitching for Louisville Bats : RHP Bob Bailey
Batting: LHB Danny King 0-0: Called Strike
0-1: Ball
1-1: Ball
2-1: Ball
3-1: Foul Ball, location: 2F
3-2: Foul Ball, location: 3DF
3-2: Foul Ball, location: 2F
3-2: Fly out, F8 (Flyball, 89S, EV 78.8 MPH)
Batting: RHB Kel Mearns 0-0: Called Strike
0-1: Ball
1-1: Ground out 5-3 (Groundball, 56, EV 104.4 MPH)
Batting: LHB Jerry López 0-0: Ball
1-0: Swinging Strike
1-1: Foul Ball, location: 2F
1-2: Strikes out swinging
Bottom of the 2nd over - 0 runs, 0 hits, 0 errors, 0 left on base; Louisville 0 - Jacksonville 0
TOP OF THE 3RD
Louisville Bats batting - Pitching for Jacksonville Jumbo Shrimp : RHP Curt Carter
Batting: RHB Jesús Valentín 0-0: Ground out 4-3 (Groundball, 4M, EV 84.4 MPH)
Batting: RHB Eric Brooks 0-0: Ball
1-0: Ball
2-0: Called Strike
2-1: Swinging Strike
2-2: Strikes out swinging
Batting: LHB Raúl Campos 0-0: Ball
1-0: Ball
2-0: Ball
3-0: Called Strike
3-1: DOUBLE (Line Drive, 9LM, EV 95.6 MPH)
Batting: RHB Mauro Navarro 0-0: Ball
1-0: Foul Ball, location: 9LMF
1-1: Foul Ball, location: 9LDF
1-2: Ball
2-2: Foul Ball, location: 23F
2-2: Fly out, F8 (Flyball, 8RS, EV 91.9 MPH)
Top of the 3rd over - 0 runs, 1 hit, 0 errors, 1 left on base; Louisville 0 - Jacksonville 0
BOTTOM OF THE 3RD
Jacksonville Jumbo Shrimp batting - Pitching for Louisville Bats : RHP Bob Bailey
Batting: RHB Dan Offen 0-0: Called Strike
0-1: Swinging Strike
0-2: Ball
1-2: Strikes out swinging
Batting: RHB Gilberto Souza 0-0: Foul Ball, location: 2F
0-1: Ball
1-1: Ball
2-1: Ball
3-1: Foul Ball, location: 2F
3-2: Foul Ball, location: 23F
3-2: SINGLE (Flyball, 9LM, EV 92.5 MPH)
Batting: RHB José Flores 0-0: Ball
1-0: Ball
Wild Pitch!
Gilberto Souza to second
2-0: SINGLE (Groundball, 6MD, EV 98.1 MPH)
Gilberto Souza to third
Batting: RHB Raúl Toro 0-0: Called Strike
0-1: Ball
1-1: Foul Ball, location: 9LSF
1-2: Ball
2-2: Ball
3-2: Grounds into double play, 6-4-3 (Groundball, 6S, EV 84.4 MPH)
Bottom of the 3rd over - 0 runs, 2 hits, 0 errors, 1 left on base; Louisville 0 - Jacksonville 0
TOP OF THE 4TH
Louisville Bats batting - Pitching for Jacksonville Jumbo Shrimp : RHP Curt Carter
Batting: RHB Bjorn Trommel 0-0: Ground out U3 (Groundball, 13, EV 78.1 MPH)
Batting: LHB Caspar Ahernfeld 0-0: Ground out 4-3 (Groundball, 4, EV 103.1 MPH)
Batting: RHB Manny Sosa 0-0: Fly out, F9 (Flyball, 9D, EV 111.9 MPH)
Top of the 4th over - 0 runs, 0 hits, 0 errors, 0 left on base; Louisville 0 - Jacksonville 0
BOTTOM OF THE 4TH
Jacksonville Jumbo Shrimp batting - Pitching for Louisville Bats : RHP Bob Bailey
Batting: RHB Butch Haig 0-0: Ground out 4-3 (Groundball, 4, EV 101.9 MPH)
Batting: RHB Sean Davidson 0-0: Called Strike
0-1: Ground out 5-3 (Groundball, 5, EV 88.8 MPH)
Batting: LHB Danny King 0-0: Ball
1-0: Swinging Strike
1-1: Swinging Strike
1-2: Foul Ball, location: 5DF
1-2: Foul Ball, location: 2F
1-2: Hit by Pitch
Batting: RHB Kel Mearns 0-0: Called Strike
0-1: Ball
1-1: Called Strike
1-2: Ball
2-2: Foul Ball, location: 2F
2-2: Strikes out looking
Bottom of the 4th over - 0 runs, 0 hits, 0 errors, 1 left on base; Louisville 0 - Jacksonville 0
TOP OF THE 5TH
Louisville Bats batting - Pitching for Jacksonville Jumbo Shrimp : RHP Curt Carter
Batting: LHB Arturo Patino 0-0: Called Strike
0-1: Ball
1-1: Ball
2-1: Foul Ball, location: 2F
2-2: Ball
3-2: Base on Balls
Batting: LHB António Ceras 0-0: Called Strike
0-1: SINGLE (Line Drive, 6M, EV 103.8 MPH)
Arturo Patino to second
Batting: RHB Jesús Valentín 0-0: Sac Bunt to 13 - play at first, batter OUT! 1-3
Arturo Patino to third
António Ceras to second
Batting: RHB Eric Brooks 0-0: Foul Ball, location: 5F
0-1: Swinging Strike
0-2: Ball
1-2: Ball
2-2: Ball
3-2: Strikes out swinging
Batting: LHB Raúl Campos 0-0: Ball
1-0: Ball
2-0: Called Strike
2-1: Called Strike
2-2: Fly out, F8 (Line Drive, 8RS, EV 90.0 MPH)
Top of the 5th over - 0 runs, 1 hit, 0 errors, 2 left on base; Louisville 0 - Jacksonville 0
BOTTOM OF THE 5TH
Jacksonville Jumbo Shrimp batting - Pitching for Louisville Bats : RHP Bob Bailey
Batting: LHB Jerry López 0-0: Fly out, F3 (Popup, 3SF, EV 81.3 MPH)
Batting: RHB Dan Offen 0-0: Ball
1-0: Called Strike
1-1: Swinging Strike
1-2: Foul Ball, location: 5DF
1-2: Foul Ball, location: 5SF
1-2: Ground out 5-3 (Groundball, 56S, EV 87.5 MPH)
Batting: RHB Gilberto Souza 0-0: Ball
1-0: SINGLE (Groundball, 6, EV 110.0 MPH) (infield hit)
Batting: RHB José Flores 0-0: Called Strike
Gilberto Souza steals 2nd base (no throw)
0-1: Ball
1-1: Ball
2-1: SINGLE (Line Drive, 4D, EV 101.3 MPH)
Gilberto Souza to third
Runner from 3rd tries for Home, SAFE, throw by CF to home
José Flores to second
Batting: RHB Raúl Toro 0-0: Called Strike
0-1: Ball
1-1: Ball
2-1: Ball
3-1: Fly out, F7 (Line Drive, 78M, EV 96.3 MPH)
Bottom of the 5th over - 1 run, 2 hits, 0 errors, 1 left on base; Louisville 0 - Jacksonville 1
TOP OF THE 6TH
Louisville Bats batting - Pitching for Jacksonville Jumbo Shrimp : RHP Curt Carter
Batting: RHB Mauro Navarro 0-0: Called Strike
0-1: Ball
1-1: Foul Ball, location: 3F
1-2: Ground out 5-3 (Groundball, 56, EV 100.0 MPH)
Batting: RHB Bjorn Trommel 0-0: Ball
1-0: Swinging Strike
1-1: Ball
2-1: SINGLE (Line Drive, 4D, EV 103.1 MPH)
Batting: LHB Caspar Ahernfeld 0-0: Fly out, F9 (Flyball, 89S, EV 91.9 MPH)
Batting: RHB Manny Sosa 0-0: Fly out, F8 (Flyball, 89D, EV 101.9 MPH)
Top of the 6th over - 0 runs, 1 hit, 0 errors, 1 left on base; Louisville 0 - Jacksonville 1
BOTTOM OF THE 6TH
Jacksonville Jumbo Shrimp batting - Pitching for Louisville Bats : RHP Bob Bailey
Batting: RHB Butch Haig 0-0: Foul Ball, location: 23F
0-1: Swinging Strike
0-2: Fly out, F7 (Line Drive, 7S, EV 90.6 MPH)
Batting: RHB Sean Davidson 0-0: Ball
1-0: Called Strike
1-1: Ball
2-1: Foul Ball, location: 2F
2-2: Foul Ball, location: 23F
2-2: Foul Ball, location: 9LSF
2-2: Foul Ball, location: 5F
2-2: Strikes out swinging
Batting: LHB Danny King 0-0: Ball
1-0: Foul Ball, location: 5SF
1-1: Ground out 4-3 (Groundball, 4M, EV 88.8 MPH)
Bottom of the 6th over - 0 runs, 0 hits, 0 errors, 0 left on base; Louisville 0 - Jacksonville 1
TOP OF THE 7TH
Louisville Bats batting - Pitching for Jacksonville Jumbo Shrimp : RHP Curt Carter
Batting: LHB Arturo Patino 0-0: Ball
1-0: Foul Ball, location: 7LSF
1-1: Foul Ball, location: 2F
1-2: Ball
2-2: Foul Ball, location: 9LMF
2-2: SINGLE (Line Drive, 9S, EV 93.8 MPH)
Batting: LHB António Ceras 0-0: Called Strike
0-1: Called Strike
Arturo Patino steals 2nd base
0-2: Foul Ball, location: 2F
0-2: Hit by Pitch
Batting: RHB Jesús Valentín 0-0: Sac Bunt to 3S - play at first, batter OUT! 3-1
Arturo Patino to third
António Ceras to second
Pinch Hitting: LHB Juan Gómez 0-0: Ball
1-0: Swinging Strike
1-1: DOUBLE (Line Drive, 9LD, EV 107.5 MPH)
Arturo Patino scores
António Ceras scores
Batting: LHB Raúl Campos 0-0: Intentional Walk
Batting: RHB Mauro Navarro 0-0: Ball
1-0: Swinging Strike
1-1: Swinging Strike
1-2: Foul Ball, location: 5F
1-2: Ball
2-2: Foul Ball, location: 25FF
2-2: Foul Ball, location: 2F
2-2: DOUBLE (Line Drive, 9LD, EV 105.6 MPH)
Juan Gómez scores
Raúl Campos to third
Runner from 3rd tries for Home, SAFE, no throw by RF
Batting: RHB Bjorn Trommel 0-0: Ball
1-0: Called Strike
1-1: Foul Ball, location: 9LMF
1-2: Ball
2-2: Ball
3-2: Base on Balls
Pitching: RHP Johnny Hampton
Batting: LHB Caspar Ahernfeld 0-0: Ball
1-0: Ball
2-0: Foul Ball, location: 3SF
2-1: Foul Ball, location: 5DF
2-2: SINGLE (Flyball, 78S, EV 86.9 MPH)
Mauro Navarro to third
Bjorn Trommel to second
Batting: RHB Manny Sosa 0-0: Called Strike
0-1: Ball
1-1: Foul Ball, location: 2F
1-2: Strikes out swinging
Batting: LHB Arturo Patino 0-0: Ball
1-0: SINGLE (Line Drive, 8LS, EV 106.3 MPH)
Mauro Navarro scores
Bjorn Trommel to third
Caspar Ahernfeld to second
Batting: LHB António Ceras 0-0: Ball
1-0: Foul Ball, location: 2F
1-1: Ball
2-1: Foul Ball, location: 5F
2-2: Foul Ball, location: 25F
2-2: Foul Ball, location: 2F
2-2: Ball
3-2: Foul Ball, location: 23FF
3-2: Ground out 4-3 (Groundball, 4, EV 79.4 MPH)
Top of the 7th over - 5 runs, 5 hits, 0 errors, 3 left on base; Louisville 5 - Jacksonville 1
BOTTOM OF THE 7TH
Jacksonville Jumbo Shrimp batting - Pitching for Louisville Bats : RHP Bob Bailey
Now in LF: Juan Gómez
Batting: RHB Kel Mearns 0-0: Called Strike
0-1: Ground out 5-3 (Groundball, 5L, EV 91.3 MPH)
Batting: LHB Jerry López 0-0: Ball
1-0: Swinging Strike
1-1: Foul Ball, location: 2F
1-2: Strikes out looking
Batting: RHB Dan Offen 0-0: Ball
1-0: Ground out 6-3 (Groundball, 6, EV 110.6 MPH)
Bottom of the 7th over - 0 runs, 0 hits, 0 errors, 0 left on base; Louisville 5 - Jacksonville 1
TOP OF THE 8TH
Louisville Bats batting - Pitching for Jacksonville Jumbo Shrimp : RHP Johnny Hampton
Batting: RHB Jesús Valentín 0-0: Ball
1-0: Called Strike
1-1: Ball
2-1: Ground out U3 (Groundball, 34, EV 108.1 MPH)
Batting: LHB Juan Gómez 0-0: Called Strike
0-1: DOUBLE (Line Drive, 78M, EV 106.9 MPH)
Batting: LHB Raúl Campos 0-0: Fly out, F7 (Flyball, 7LSF, EV 91.9 MPH)
Batting: RHB Mauro Navarro 0-0: Ball
1-0: Called Strike
1-1: Foul Ball, location: 2F
1-2: Ball
2-2: Fly out, F7 (Flyball, 7D, EV 101.9 MPH)
Top of the 8th over - 0 runs, 1 hit, 0 errors, 1 left on base; Louisville 5 - Jacksonville 1
BOTTOM OF THE 8TH
Jacksonville Jumbo Shrimp batting - Pitching for Louisville Bats : RHP Bob Bailey
Batting: RHB Gilberto Souza 0-0: Fly out, F8 (Flyball, 78D, EV 89.4 MPH)
Batting: RHB José Flores 0-0: Called Strike
0-1: Foul Ball, location: 25F
0-2: Foul Ball, location: 9LMF
0-2: Ball
1-2: Foul Ball, location: 2F
1-2: Strikes out swinging, 2-3 out at first.
Batting: RHB Raúl Toro 0-0: Ball
1-0: SINGLE (Line Drive, 6M, EV 96.9 MPH)
Batting: RHB Butch Haig 0-0: Foul Ball, location: 5SF
0-1: Ball
1-1: Ground out 4-3 (Groundball, 4, EV 86.9 MPH)
Bottom of the 8th over - 0 runs, 1 hit, 0 errors, 1 left on base; Louisville 5 - Jacksonville 1
TOP OF THE 9TH
Louisville Bats batting - Pitching for Jacksonville Jumbo Shrimp : RHP Johnny Hampton
Batting: RHB Bjorn Trommel 0-0: Ball
1-0: Fly out, F9 (Flyball, 9LS, EV 84.4 MPH)
Batting: LHB Caspar Ahernfeld 0-0: Ball
1-0: Ball
2-0: Called Strike
2-1: Foul Ball, location: 7LDF
2-2: Ball
3-2: Foul Ball, location: 3DF
3-2: Foul Ball, location: 5SF
3-2: Foul Ball, location: 3SF
3-2: Foul Ball, location: 25FF
3-2: Base on Balls
Batting: RHB Manny Sosa 0-0: Called Strike
0-1: Ball
1-1: Ball
2-1: Ball
3-1: Called Strike
3-2: Fly out, F8 (Flyball, 8RXD, EV 88.1 MPH)
Batting: LHB Arturo Patino 0-0: Ball
Wild Pitch!
Caspar Ahernfeld to second
1-0: Foul Ball, location: 25F
1-1: DOUBLE (Line Drive, 8RXD, EV 105.6 MPH)
Caspar Ahernfeld scores
Batting: LHB António Ceras 0-0: Foul Ball, location: 2LF
0-1: Ball
1-1: Ball
Wild Pitch!
Arturo Patino to third
2-1: Ball
3-1: Foul Ball, location: 25F
3-2: Base on Balls
Pitching: RHP Carlos Pickford
Batting: RHB Jesús Valentín 0-0: Called Strike
0-1: Called Strike
0-2: Ball
1-2: Strikes out swinging
Top of the 9th over - 1 run, 1 hit, 0 errors, 2 left on base; Louisville 6 - Jacksonville 1
BOTTOM OF THE 9TH
Jacksonville Jumbo Shrimp batting - Pitching for Louisville Bats : RHP Bob Bailey
Batting: RHB Sean Davidson 0-0: Called Strike
0-1: Fly out, F9 (Flyball, 89D, EV 111.3 MPH)
Batting: LHB Danny King 0-0: Called Strike
0-1: Foul Ball, location: 7LSF
0-2: Ball
1-2: Fly out, F9 (Flyball, 9, EV 89.4 MPH)
Batting: RHB Kel Mearns 0-0: Called Strike
0-1: Ball
1-1: Called Strike
1-2: Strikes out swinging
Bottom of the 9th over - 0 runs, 0 hits, 0 errors, 0 left on base; Louisville 6 - Jacksonville 1
Friday, May 3rd , 2024 - OOTP Baseball 24.10 Build 82